 Dungeon Crawl Stone Soup version 0.28-a0-664-gc179e30c89 (webtiles) character file.

Game seed: 17602538463875924233

17 Irenicus the Digger (level 2, 22/22 HPs)
             Began as a Deep Dwarf Earth Elementalist on Oct 15, 2021.
             Quit the game on level 1 of the Dungeon.
             The game lasted 00:02:00 (333 turns).

Irenicus the Digger (Deep Dwarf Earth Elementalist)  Turns: 333, Time: 00:02:01

Health: 22/22      AC:  2    Str: 11    XL:     2   Next: 44%
Magic:  1/3        EV: 12    Int: 15    God:
Gold:   0          SH:  0    Dex: 13    Spells: 3/4 levels left

rFire   . . .      SeeInvis .   (no weapon)
rCold   . . .      Faith    .   (no shield)
rNeg    . . .      Spirit   .   b - +0 robe
rPois   .          Reflect  .   (no helmet)
rElec   .          Harm     .   (no cloak)
rCorr   .          Rampage  .   (no gloves)
Will    .....                   (no boots)
Stlth   ++........              (no amulet)
HPRegen 0.00/turn               (no ring)
MPRegen 0.08/turn               (no ring)

@: no status effects
A: damage resistance, heal wounds, sense surroundings 1, no regeneration
a: Heal Wounds


You were on level 1 of the Dungeon.
You visited 1 branch of the dungeon, and saw 1 of its levels.


Innate Abilities, Weirdness & Mutations

You are resistant to damage.
You can heal yourself by infusing magical energy.
You passively map a small area around you.
You do not regenerate.


   Skills:
 - Level 2.1 Dodging
 - Level 2.4 Stealth
 - Level 1.7 Spellcasting
 - Level 0.8 Transmutations
 + Level 5.2 Earth Magic


You had 3 spell levels left.
You knew the following spells:

 Your Spells              Type           Power      Damage    Failure   Level
z - Sandblast             Erth           32%        2d9       2%          1

Your spell library contained the following spells:

 Spells                   Type           Power      Damage    Failure   Level
 Passwall                 Tmut/Erth      8%         N/A       10%         2
 Stone Arrow              Conj/Erth      18%        3d8       24%         3
 Petrify                  Tmut/Erth      10%        N/A       54%         4

Inventory:

Missiles
 c - 29 stones
 e - 15 poisoned darts
Armour
 b - a +0 robe (worn)
Potions
 a - a potion of lignification {unknown}

Dungeon Overview and Level Annotations

Branches:
Dungeon (1/15)

Altars:

#........#..⚑.#. #........## ...
#########.#.##.#.##........# ,,
..........................## ,
......###.#.##.#.##...##..##
......'...#.....................
......###.#..#.#.#..........##.8
......###....#...#....#.....#,,
##........#>.....K..###.....# ,
########.#..##.@#..# #.....# *
#.......................### ,
#.......#..##.........#..,
##.#..[......#.........#,
#.>.........##..#......#.#**, ,
#..##†#.######..#......+.. ,
##..##.#.# ,,..........#.# *
#....#.#.# #..##.##+##.# *,
#....+.#.# # * *#.#▒▒▒▒▒▒


You could see a kobold.


Message History

The jackal barks!
Casting: Sandblast (safe; 2% risk of failure)
Confirm with . or Enter, or press ? or * to list all spells.
Aiming: Sandblast (safe; 2% risk of failure)
Press: ? - help, Shift-Dir - straight line, f - jackal
Aim: a jackal (74% to hit)
The blast of sand hits the jackal.
The jackal is heavily wounded.
The jackal closely misses you.
Casting: Sandblast (safe; 2% risk of failure)
Confirm with . or Enter, or press ? or * to list all spells.
Aiming: Sandblast (safe; 2% risk of failure)
Press: ? - help, Shift-Dir - straight line, f/p - jackal
Aim: a jackal (heavily wounded, 74% to hit)
The blast of sand hits the jackal!
You kill the jackal!
Casting: Sandblast (safe; 2% risk of failure)
Confirm with . or Enter, or press ? or * to list all spells.
You don't have enough magic to cast this spell.
Unknown command.
A hobgoblin comes into view.
The hobgoblin shouts!
The hobgoblin hits you.
* * * LOW HITPOINT WARNING * * *
You see here 6 gold pieces.
It was a potion of curing.
You feel better. The kobold closely misses you.
Use which ability? (? or * to list)
Your magical essence is drained by the effort!
You feel much better. The kobold completely misses you.
Are you sure you want to abandon this character and quit the game? (Confirm with "yes".)

Skill      XL: |  1  2 |
---------------+-------+-----
Earth Magic    | 5 |  5.2
Dodging        | |  2.1
Stealth        | |  2.4
Spellcasting   | |  1.7
Transmutations | |  0.8

Action                   || total
-------------------------++-------
Melee: Unarmed           ||    28
 Cast: Sandblast         ||    16
 Abil: Heal Wounds       ||     1
  Use: Potion            ||     1
 Stab: Sleeping          ||     1
Armor: Robe              ||     8
Dodge: Dodged            ||    22

Levels and vault maps discovered:
D:1:      wander_arrival_abandoned_jail, layout_basic, basic_ecumenical_altar,
          minmay_misc_feat_four_crosses

Notes
Turn   | Place    | Note
-------+----------+-------------------------------------------
     0 | D:1      | Irenicus the Deep Dwarf Earth Elementalist began the quest
                  | for the Orb.
     0 | D:1      | Reached XP level 1. HP: 15/15 MP: 3/3
   206 | D:1      | Found a faded altar of an unknown god.
   211 | D:1      | Reached XP level 2. HP: 16/22 MP: 0/4
   308 | D:1      | Reached skill level 5 in Earth Magic
   333 | D:1      | Quit the game

Vanquished Creatures
  An endoplasm (D:1)
  A hobgoblin (D:1)
  6 jackals (D:1)
  3 quokkas (D:1)
  2 bats (D:1)
  A frilled lizard (D:1)
14 creatures vanquished.

Table legend: (Time is in decaauts)
 A = Elapsed time spent in this place.
 B = Non-inter-level travel time spent in this place.
 C = Inter-level travel time spent in this place.
 D = Time resting spent in this place.
 E = Time spent auto-exploring this place.
 F = Levels seen in this place.
 G = Mean time per level.
                   A        B        C        D        E       F      G
               +--------+--------+--------+--------+--------+-----+--------+
         Total |    333 |    333 |      0 |      0 |      0 |   1 |  333.0 |
       Dungeon |    333 |    333 |      0 |      0 |      0 |   1 |  333.0 |
               +--------+--------+--------+--------+--------+-----+--------+

Top non-repeatable levels by time:
     D:1: 333 daAuts

Table legend:
 A = Non-vault XP
 B = Vault XP
 C = Vault XP percentage of total XP
 D = Non-vault monster count
 E = Vault monster count
 F = Vault count percentage of total count
                 A         B        C        D         E       F
            +---------+---------+-------+---------+---------+-------
      Total |      25 |       0 |   0.0 |      14 |       0 |   0.0
            +---------+---------+-------+---------+---------+-------
        D:1 |      25 |       0 |   0.0 |      14 |       0 |   0.0
            +---------+---------+-------+---------+---------+-------
